 Dungeon Crawl Stone Soup version 0.31-a0-844-gdc52ec4e09 (webtiles) character file.

Game seed: 14716585965824334664

1068 pop123321pop the Basher (level 8, -6/64 HPs)
             Began as a Minotaur Berserker on Oct 1, 2023.
             Was a Believer of Trog.
             Mangled by a gnoll sergeant
             ... wielding a +2 spear of venom
              (7 damage)
             ... on level 5 of the Dungeon.
             The game lasted 00:04:47 (4223 turns).

pop123321pop the Basher (Minotaur Berserker)        Turns: 4223, Time: 00:04:48

Health: -6/64      AC:  8    Str: 22    XL:     8   Next: 7%
Magic:  7/7        EV: 11    Int:  4    God:    Trog [**....]
Gold:   199        SH:  0    Dex: 12    Spells: 7/7 levels left

rFire   . . .        y - +1 whip (holy)
rCold   . . .        (no shield)
rNeg    . . .        r - +0 ring mail
rPois   .            u - +2 hat
rElec   .            (no cloak)
rCorr   .            j - +0 pair of gloves
SInv    .            (no boots)
Will    .....        (no amulet)
Stlth   +            m - ring of flight
HPRegen 0.30/turn    (no ring)
MPRegen 0.10/turn

%: no passive effects
@: lethally poisoned (-6 -> -16), on berserk cooldown, flying
A: horns 2, retaliatory headbutt
a: Renounce Religion, Berserk, Trog's Hand


You were on level 5 of the Dungeon.
You worshipped Trog.
Trog was pleased with you.
You visited 1 branch of the dungeon, and saw 5 of its levels.

You collected 199 gold pieces.

Inventory:

Hand Weapons
 y - a +1 whip of holy wrath (weapon)
Armour
 j - a +0 pair of gloves (worn)
 r - a +0 ring mail (worn)
 u - a +2 hat (worn)
Jewellery
 k - an amulet of faith
 m - a ring of flight (left hand)
 x - a +6 ring of dexterity
Scrolls
 a - a scroll of blinking {unknown}
 b - 3 scrolls of vulnerability {unknown}
 c - 4 scrolls of identify {unknown}
 d - 2 scrolls of enchant armour {unknown}
 e - a scroll of fear {unknown}
 g - a scroll of poison {unknown}
 i - a scroll of revelation {unknown}
 s - a scroll of acquirement {unknown}
 t - 2 scrolls of fog {unknown}
 v - a scroll of silence {unknown}
Potions
 f - a potion of berserk rage
 h - 2 potions of lignification
 l - a potion of heal wounds {unknown}
 n - a potion of might {unknown}
 p - 2 potions of haste
 q - a potion of curing {unknown}
 w - a potion of invisibility {unknown}


   Skills:
 - Level 3.6 Fighting
 + Level 11.8 Maces & Flails
 - Level 2.4 Armour
 - Level 2.1 Dodging


You had 7 spell levels left.
You didn't know any spells.
Your spell library was empty.

Dungeon Overview and Level Annotations

Branches:
Dungeon (5/15)
 Temple: D:4-7

Altars:
Makhleb
Nemelex Xobeh
Vehumet


Innate Abilities, Weirdness & Mutations

You have a pair of horns on your head.
You reflexively headbutt those who attack you in melee.


Message History

You cannot move.
You are too berserk!
Unknown command.
You are too berserk!
You cannot move.
You cannot move.
You cannot move.
You cannot move.
You cannot move.
You feel sick.
The gnoll sergeant hits you but does no damage.
You feel your anger nearly subside.
You feel sick.
The gnoll sergeant hits you but does no damage.
You are no longer berserk.
You are exhausted.
You feel yourself slow down.
You feel sick.
You feel sick.
The gnoll sergeant hits you but does no damage.
The gnoll sergeant hits you from afar with a +2 spear of venom.
* * * LOW HITPOINT WARNING * * *
You are lethally poisoned!
It was a potion of haste.
You feel yourself speed up.
* * * LOW HITPOINT WARNING * * *
You feel very sick.
The gnoll sergeant hits you but does no damage.
You are more poisoned.
You cannot move.
It was a potion of cancellation.
Your magical effects are unravelling.
You feel magically purged.
You feel less wooden.
Your +2 hat unmelds from your body.
Your +0 pair of gloves unmelds from your body.
Your +0 ring mail unmelds from your body.
You feel yourself speed up.
You feel yourself slow down.
* * * LOW HITPOINT WARNING * * *
You feel very sick.
The gnoll sergeant hits you from afar with a +2 spear of venom!
You die...

##...####)...##
##....#....##
##........#
##......#####
##....##...#
##.......##
##....##### #...###
##@### ###)##
#####gg## #....g##
#......### ##
##.......## ..##
##.#.......##
....####.###.......#
#...#..## ###....##


You could see a gnoll sergeant and 2 gnolls.

Vanquished Creatures
  Pikel (D:5)
  Sigmund (D:3)
  A black bear (D:5)
  An ogre (D:4)
  A lemure (D:5)
  A phantom (D:4)
  An iguana (D:5)
  An orc wizard (D:4)
  3 gnolls (D:5)
  8 adders
  An ufetubus (D:4)
  3 orcs
  7 ball pythons
  7 endoplasms
  4 giant cockroaches
  8 goblins
  6 hobgoblins
  3 jackals (D:3)
  8 kobolds
  2 quokkas
  A bat (D:1)
  2 frilled lizards (D:1)
  5 rats (D:1)
76 creatures vanquished.

Notes
Turn   | Place    | Note
-------+----------+-------------------------------------------
     0 | D:1      | pop123321pop the Minotaur Berserker began the quest for the
                  | Orb.
     0 | D:1      | Reached XP level 1. HP: 19/19 MP: 0/0
    57 | D:1      | Reached skill level 4 in Maces & Flails
   107 | D:1      | Reached XP level 2. HP: 12/26 MP: 1/1
   779 | D:1      | Reached skill level 5 in Maces & Flails
   870 | D:1      | Reached ** piety under Trog
   871 | D:1      | Reached XP level 3. HP: 28/31 MP: 2/2
  1616 | D:3      | Found a burning altar of Makhleb.
  1756 | D:3      | Reached skill level 6 in Maces & Flails
  1756 | D:3      | Reached XP level 4. HP: 31/39 MP: 3/3
  1930 | D:3      | Noticed Sigmund
  1950 | D:3      | Killed Sigmund
  1951 | D:3      | Reached skill level 7 in Maces & Flails
  1951 | D:3      | Reached XP level 5. HP: 25/45 MP: 4/4
  2348 | D:3      | Reached skill level 8 in Maces & Flails
  2372 | D:3      | Found a sparkling altar of Nemelex Xobeh.
  2823 | D:4      | Noticed a phantom
  2825 | D:4      | Noticed an ogre
  2831 | D:4      | Killed a phantom
  2832 | D:4      | Reached XP level 6. HP: 47/51 MP: 5/5
  2840 | D:4      | Reached skill level 9 in Maces & Flails
  3461 | D:4      | Found a radiant altar of Vehumet.
  3609 | D:5      | Entered Level 5 of the Dungeon
  3673 | D:5      | Noticed Pikel
  3688 | D:5      | Killed Pikel
  3689 | D:5      | Reached skill level 11 in Maces & Flails
  3689 | D:5      | Reached XP level 7. HP: 57/57 MP: 6/6
  4074 | D:5      | Reached XP level 8. HP: 36/64 MP: 7/7
  4223 | D:5      | HP: 1/64 [poisoned by a gnoll sergeant]
  4223 | D:5      | Mangled by a gnoll sergeant

Illustrated notes

Levels and vault maps discovered:
D:1:      dpeg_arrival_rooms_a, layout_loops_corners
D:2:      layout_rooms, nicolae_kite_square_tiling_tiny
D:3:      layout_loops_ring, nemelex_dance_club_becter,
          mainiacjoe_overflow_tiny_flanked, uniq_sigmund
D:4:      layout_loops_ring, nicolae_overflow_crystal_walls
D:5:      layout_cave_pods, temple_pool_b, uniq_pikel

Skill      XL: |  1  2  3  4  5  6 |
---------------+-------------------+-----
Maces & Flails | 4 5 6 7 8 11 | 11.8
Fighting       | |  3.6
Armour         | |  2.4
Dodging        | |  2.1

Action                     |  1- 3 |  4- 6 |  7- 9 || total
---------------------------+-------+-------+-------++-------
  Melee: Mace              |    53 |       |       ||    53
         Headbutt          |    19 |    10 |     3 ||    32
         Whip              |    47 |   112 |    23 ||   182
         Punch             |       |     2 |       ||     2
 Invoke: Berserk           |       |     3 |       ||     3
    Use: Potion            |       |       |     4 ||     4
 Armour: Animal skin       |    34 |       |       ||    34
         Ring mail         |    13 |    64 |    22 ||    99
         Skin              |       |       |     8 ||     8
  Dodge: Dodged            |    42 |    31 |     5 ||    78

Table legend: (Time is in decaauts)
 A = Elapsed time spent in this place.
 B = Non-inter-level travel time spent in this place.
 C = Inter-level travel time spent in this place.
 D = Time resting spent in this place.
 E = Time spent auto-exploring this place.
 F = Levels seen in this place.
 G = Mean time per level.
                   A        B        C        D        E       F      G
               +--------+--------+--------+--------+--------+-----+--------+
         Total |   4198 |   4008 |    190 |    738 |   2752 |   5 |  839.6 |
       Dungeon |   4198 |   4008 |    190 |    738 |   2752 |   5 |  839.6 |
               +--------+--------+--------+--------+--------+-----+--------+

Top non-repeatable levels by time:
     D:3: 1154 daAuts
     D:1: 1059 daAuts
     D:4: 849 daAuts
     D:5: 602 daAuts
     D:2: 532 daAuts
